 Dungeon Crawl Stone Soup version 0.24-a0-284-g9fb9971 (webtiles) character file.

Game seed: 11093711583026623695

6155 Gildeon the Grappler (level 10, -5/96 HPs)
             Began as a Troll Fighter on May 5, 2019.
             Was a Follower of Makhleb.
             Slain by a troll (15 damage)
             ... on level 9 of the Dungeon.
             The game lasted 00:33:38 (7431 turns).

Gildeon the Grappler (Troll Fighter)                Turns: 7431, Time: 00:33:39

Health: -5/96      AC:  8    Str: 31    XL:     10   Next: 59%
Magic:  13/13      EV: 16    Int:  5    God:    Makhleb [*.....]
Gold:   478        SH:  0    Dex: 19    Spells: 14/14 levels left

rFire    . . .     SeeInvis .     - Unarmed
rCold    . . .     Gourm    +   (no shield)
rNeg     . . .     Faith    .   a - +0 robe
rPois    .         Spirit   .   (helmet restricted)
rElec    .         Reflect  .   c - +1 cloak
rCorr    .         Harm     .   (gloves unavailable)
MR       .....                  (boots unavailable)
Stlth    +.........             C - amulet of the acrobat
HPRegen  0.66/turn              r - ring "Xat Vol" {Str+5 Stlth-}
MPRegen  0.13/turn              A - ring "Usharphamm" {EV+3 Dex+8}

@: no status effects
A: large, unfitting armour, claws 3, fast metabolism 3, gourmand, regeneration
1, shaggy fur 1, tough skin 3
a: Renounce Religion


You were on level 9 of the Dungeon.
You worshipped Makhleb.
Makhleb was aware of your devotion.
You were full.

You visited 2 branches of the dungeon, and saw 10 of its levels.
You also visited: Ossuary.

You collected 925 gold pieces.
You spent 447 gold pieces at shops.

Inventory:

Hand Weapons
 f - the +3 flail "Humnyiss" {speed, rC++ rN+ Int-2}
   (You found it on level 4 of the Dungeon)

   Attacks with this weapon are significantly faster.
   It affects your intelligence (-2).
   It greatly protects you from cold.
   It protects you from negative energy.
Armour
 a - a +0 robe (worn)
 c - a +1 cloak (worn)
Jewellery
 h - the ring of the Swan {Ice Int+2}
   (You took it off an orc wizard on level 8 of the Dungeon)

   [ring of ice]

   It enhances your ice magic.
   It affects your intelligence (+2).
   It makes you vulnerable to fire.
   It protects you from cold.
 r - the ring "Xat Vol" (left claw) {Str+5 Stlth-}
   (You found it on level 8 of the Dungeon)

   [ring of attention]

   It affects your strength (+5).
   It makes you less stealthy.
 x - the ring of the Countless Beggars {MR+ Int+3}
   (You found it on level 8 of the Dungeon)

   [ring of intelligence]

   It affects your intelligence (+3).
   It affects your resistance to hostile enchantments.
 A - the ring "Usharphamm" (right claw) {EV+3 Dex+8}
   (You found it on level 8 of the Dungeon)

   [ring of evasion]

   It affects your evasion (+3).
   It affects your dexterity (+8).
 C - an amulet of the acrobat (around neck)
Wands
 g - a wand of flame (3)
Scrolls
 b - 4 scrolls of teleportation
 e - 3 scrolls of fog
 j - 5 scrolls of remove curse
 o - 2 scrolls of blinking
 t - a scroll of enchant armour {unknown}
 w - a scroll of immolation {unknown}
 y - a scroll of amnesia {unknown}
 B - a scroll of acquirement {unknown}
Potions
 k - a potion of mutation {unknown}
 l - 2 potions of haste
 m - a potion of cancellation {unknown}
 n - 3 potions of heal wounds
 q - 7 potions of curing
 s - a potion of magic {unknown}
 u - a potion of brilliance {unknown}
Comestibles
 d - 21 rations


   Skills:
 - Level 5.0 Fighting
 - Level 5.0 Armour
 - Level 5.0 Dodging
   Level 2.4 Shields
 + Level 9.7 Unarmed Combat
 + Level 2.9 Spellcasting
 + Level 4.0 Invocations
 + Level 3.9 Evocations


You had 14 spell levels left.
You didn't know any spells.
Your spell library contained the following spells:

 Spells                   Type           Power        Failure   Level  Hunger
 Sandblast                Erth           #.....       38%         1    ##.....
 Sting                    Conj/Pois      #...         38%         1    ##.....
 Passwall                 Tmut/Erth      #.......     52%         2    ###....
 Poisonous Vapours        Pois/Air       #.....       52%         2    ###....
 Mephitic Cloud           Conj/Pois/Air  #.......     77%         3    ####...
 Stone Arrow              Conj/Erth      #.....       77%         3    ####...
 Olgreb's Toxic Radiance  Pois           #.......     99%         4    #####..
 Petrify                  Tmut/Erth      #.......     99%         4    #####..
 Lee's Rapid Deconstruct  Erth           #.........   100%        5    ######.
 Venom Bolt               Conj/Pois      #.........   100%        5    ######.


Dungeon Overview and Level Annotations

Branches:
Dungeon (9/15)             Temple (1/1) D:7            Lair (0/6) D:9
    Orc: D:9-12

Altars:
Ashenzari
Cheibriados
Dithmenos
Elyvilon
Fedhas
Gozag
Hepliaklqana
Kikubaaqudgha
Makhleb
Okawaru
Qazlal
Ru
Sif Muna
Trog
Uskayaw
Vehumet
Wu Jian
Xom
Yredelemnul
The Shining One

Shops:
D:7 [*

Annotations:
D:4 Eustachio


Innate Abilities, Weirdness & Mutations

You are too large for most types of armour.
You have claws for hands.
Your metabolism is lightning-fast.
You like to eat raw meat.
Your natural rate of healing is unusually fast.
You are covered in fur. (AC +1)
You have extremely tough skin. (AC +3)


Message History

The troll bites you.
The troll claws you but does no damage. x2
You scratch the troll but do no damage.
The troll is moderately wounded.
The troll completely misses you. The troll barely misses you.
The troll claws you!
You completely miss the troll.
The troll is moderately wounded.
The troll bites you! The troll claws you but does no damage.
The troll completely misses you.
You claw the troll!
The troll is heavily wounded.
You barely miss the troll. You claw the troll!
The troll is almost dead.
A water moccasin comes into view.
The troll bites you!
* * * LOW HITPOINT WARNING * * *
The troll claws you!
* * * LOW HITPOINT WARNING * * *
The troll claws you!
You die...

*,,,,*,,,,,#....#......#,..#.##
*,,,,+,,,,,#S...#......#,..#...
*,,,,*,,,,,#....#......###.#...
*,,,,**###+#....#........#.#...
*,,,,,,.........#........#.#'#.
*,,,,,,.........#........#...#.
*,,,,,,.........#........'...#.
*,,,,,,,,****#[T#.....####...#.
*,,,,,,,,*,,,#@.#.....#......#.
*,,,,,,,,*,,,#..#.....'......#.
*******,,+,,,#..#######......#.
*,,*,,,+..............(#.
*,,*,,,#...............#.
*,,***##...............##
*,,,..........†..........
*,,,..........<..........
*,,....#########.........


You could see a troll and a water moccasin (wandering).

Vanquished Creatures
  3 death yaks (D:9)
  Pikel (D:4)
  A troll (D:9)
  2 hippogriffs (D:8)
  Sigmund (D:4)
  Menkaure (D:6)
  An orc warrior (D:7)
  A necrophage (D:6)
  An ogre (D:8)
  2 phantoms
  3 centaurs
  The ghost of adept the Skirmisher, an amateur GrFi of Ashenzari (D:3)
  Blork the orc (D:4)
  2 bullfrogs (D:8)
  2 water moccasin zombies (Ossuary)
  A wyvern zombie (D:8)
  2 scorpions
  5 killer bees
  4 crimson imps
  A bullfrog zombie (D:6)
  A quasit (D:8)
  8 hounds
  3 jellies (D:8)
  Crazy Yiuf (D:3)
  5 orc priests
  2 bullfrog skeletons
  5 orc wizards
  A centaur skeleton (D:8)
  3 iguanas
  6 worker ants
  3 big kobold zombies (Ossuary)
  3 mummies
  A worker ant zombie (D:8)
  A howler monkey zombie (D:7)
  10 adders
  4 gnolls
  2 shadow imps
  5 oozes (D:8)
  5 adder zombies (Ossuary)
  2 adder skeletons
  3 worms
  5 leopard geckos
  27 orcs
  A ball python (D:3)
  4 bats (D:3)
  4 giant cockroaches
  7 goblins
  3 hobgoblins
  7 jackals
  9 quokkas
  6 frilled lizards
  4 gnoll zombies (Ossuary)
  4 hobgoblin zombies (Ossuary)
  A jackal skeleton (D:7)
  8 kobolds
  A leopard gecko zombie (D:6)
  7 orc zombies (Ossuary)
  A quokka zombie (D:7)
  9 rats
  A withered plant (D:3)
219 creatures vanquished.

Vanquished Creatures (others)
  A hound (D:4)
  An adder (D:4)
  A giant cockroach (D:4)
  A withered plant (D:3)
4 creatures vanquished.

Grand Total: 223 creatures vanquished

Notes
Turn   | Place    | Note
-------+----------+-------------------------------------------
     0 | D:1      | Gildeon the Troll Fighter began the quest for the Orb.
     0 | D:1      | Reached XP level 1. HP: 22/22 MP: 0/0
   162 | D:1      | Found a snail-covered altar of Cheibriados.
   195 | D:1      | Reached XP level 2. HP: 26/29 MP: 1/1
   826 | D:2      | Reached XP level 3. HP: 33/36 MP: 2/2
   969 | D:2      | Found a white marble altar of Elyvilon.
  1482 | D:3      | Found an ornate altar of the Wu Jian Council.
  1530 | D:3      | Reached XP level 4. HP: 45/45 MP: 3/3
  1713 | D:3      | Noticed a moth of wrath
  1715 | D:3      | Found a bloodstained altar of Trog.
  1721 | D:3      | Reached skill level 3 in Unarmed Combat
  1792 | D:3      | Found a runed translucent door.
  1793 | D:3      | Noticed Crazy Yiuf
  1802 | D:3      | Killed Crazy Yiuf
  1926 | D:3      | Found a runed translucent door.
  1926 | D:3      | Noticed adept's ghost (amateur GrFi)
  2282 | D:4      | Found a shadowy altar of Dithmenos.
  2282 | D:4      | Noticed Eustachio
  2360 | D:4      | Noticed Blork the orc
  2367 | D:4      | Killed Blork the orc
  2367 | D:4      | Reached XP level 5. HP: 34/53 MP: 4/4
  2455 | D:4      | Got a slimy flail
  2468 | D:4      | Noticed Pikel
  2469 | D:4      | Noticed a slave
  2469 | D:4      | Noticed a slave
  2470 | D:4      | Noticed a slave
  2474 | D:4      | Noticed a slave
  2491 | D:4      | Killed Pikel
  2491 | D:4      | Reached skill level 4 in Unarmed Combat
  2491 | D:4      | Reached XP level 6. HP: 36/63 MP: 5/5
  2491 | D:4      | Reached XP level 7. HP: 41/71 MP: 6/6
  2550 | D:4      | Noticed Sigmund
  2556 | D:4      | Killed Sigmund
  2556 | D:4      | Reached skill level 5 in Unarmed Combat
  2942 | D:5      | Entered Level 5 of the Dungeon
  2959 | D:5      | Found a sand-covered staircase.
  2975 | Ossuary  | Entered an ossuary
  3023 | Ossuary  | Reached skill level 5 in Fighting
  3023 | Ossuary  | Reached skill level 5 in Dodging
  3057 | Ossuary  | Reached skill level 6 in Unarmed Combat
  3057 | Ossuary  | Reached XP level 8. HP: 77/80 MP: 7/7
  3177 | D:5      | Reached skill level 1 in Armour
  3631 | D:5      | You fall through a shaft for 2 floors!
  3637 | D:7      | Reached skill level 1 in Spellcasting
  3807 | D:5      | Found a basalt altar of Yredelemnul.
  4090 | D:3      | Killed adept's ghost
  4090 | D:3      | Reached skill level 1 in Evocations
  4149 | D:6      | Noticed Menkaure
  4154 | D:6      | Killed Menkaure
  4154 | D:6      | Reached skill level 7 in Unarmed Combat
  4360 | D:6      | Identified the +3 flail "Humnyiss" {speed, rC++ rN+ Int-2}
                  | (You found it on level 4 of the Dungeon)
  4475 | D:6      | Reached XP level 9. HP: 88/88 MP: 9/9
  4712 | D:6      | Found an ancient bone altar of Kikubaaqudgha.
  5256 | D:7      | Found Qosopuek's Assorted Antiques.
  5260 | D:7      | Bought a leatherbound book for 375 gold pieces
  5260 | D:7      | Bought a scroll of identify for 50 gold pieces
  5260 | D:7      | Bought a coppery potion for 22 gold pieces
  5318 | D:7      | Reached skill level 8 in Unarmed Combat
  5554 | D:7      | Found Vuru's Armour Boutique.
  5680 | D:7      | Found a staircase to the Ecumenical Temple.
  5689 | Temple   | Entered the Ecumenical Temple
  5781 | Temple   | Became a worshipper of Makhleb the Destroyer
  6281 | D:8      | Identified the ring of the Swan {Ice Int+2}
  6286 | D:8      | Reached skill level 5 in Armour
  6286 | D:8      | Reached skill level 1 in Invocations
  6389 | D:8      | Got a warped platinum ring
  6394 | D:8      | Identified the ring of the Countless Beggars {MR+ Int+3}
                  | (You found it on level 8 of the Dungeon)
  6405 | D:8      | Got a scorched turquoise ring
  6407 | D:8      | Identified the ring "Xat Vol" {Str+5 Stlth-} (You found it
                  | on level 8 of the Dungeon)
  6411 | D:8      | Got a sparkling jade ring
  6413 | D:8      | Identified the ring "Usharphamm" {EV+3 Dex+8} (You found it
                  | on level 8 of the Dungeon)
  6494 | D:8      | Reached skill level 9 in Unarmed Combat
  6509 | D:8      | Found a hazy altar of Hepliaklqana.
  6655 | D:8      | Reached XP level 10. HP: 96/96 MP: 11/11
  6762 | D:8      | Reached * piety under Makhleb
  7068 | D:9      | Noticed a death yak
  7068 | D:9      | Noticed a death yak
  7115 | D:9      | Killed a death yak
  7275 | D:9      | Found a staircase to the Lair.
  7276 | D:9      | Noticed a death yak
  7276 | D:9      | Noticed a death yak
  7276 | D:9      | Noticed a death yak
  7318 | D:9      | Killed a death yak
  7325 | D:9      | Killed a death yak
  7431 | D:9      | Slain by a troll

Levels and vault maps discovered:
D:1:      minmay_arrival_glassed_features, layout_basic, grunt_decor_clamped,
          cheibriados_altar_1
D:2:      layout_loops_ring, nicolae_overflow_crystal_walls
D:3:      layout_loops_cross, old_standard_altar, gammafunk_ghost_grave,
          tgw_trog, uniq_crazy_yiuf_cottage
D:4:      layout_loops_ring, first_ration, eino_small_chamber_without_monster,
          grunt_dithmenos_smoke, uniq_pikel, uniq_eustachio, uniq_blork_the_orc,
          uniq_sigmund
D:5:      layout_gridville, marbit_many_paths, gup_ossuary_entry_pyramid,
          minmay_door_square
D:6:      minmay_polygon_palace, layout_basic, kiku_gazebo_garden_becter,
          uniq_menkaure
D:7:      layout_gridville, minmay_temple_entry_large_hall, serial_shops, shop,
          kennysheep_mini
D:8:      minmay_the_grid_triangle_9x9_rhombus_thin
          [minmay_the_grid_triangle_9x9_impossible_snake,
          minmay_the_grid_triangle_9x9_prize_special,
          minmay_the_grid_triangle_9x9_corrupted_corridor,
          minmay_the_grid_triangle_9x9_corruption], layout_loops_cross,
          old_standard_altar, hangedman_little_slice_of_home
D:9:      layout_irregular_city, zin_purify, gammafunk_temple_overflow_statue,
          dpeg_lair_monsters
Temple:   zaba_magenta_temple

Skill      XL: |  1  2  3  4  5  6  7  8  9 10 |
---------------+-------------------------------+-----
Dodging        | 3 4 5 |  5.0
Fighting       | 3 4 5 |  5.0
Unarmed Combat | 3 4 6 7 9 |  9.7
Armour         | 3 5 |  5.0
Spellcasting   | 1 2 |  2.9
Evocations     | 1 2 3 |  3.9
Invocations    | 2 4 |  4.0
Shields        | |  2.4

Action                   |  1- 3 |  4- 6 |  7- 9 | 10-12 || total
-------------------------+-------+-------+-------+-------++-------
Melee: Unarmed           |   100 |    90 |   435 |    59 ||   684
       Punch             |       |       |    14 |     5 ||    19
Evoke: Wand              |       |       |       |     7 ||     7
  Use: Scroll            |     7 |     2 |     5 |     2 ||    16
       Potion            |       |     3 |     1 |     5 ||     9
 Stab: Sleeping          |     2 |       |       |       ||     2
  Eat: Chunk             |    19 |     9 |    39 |     3 ||    70
Armor: Robe              |    46 |    29 |   126 |    13 ||   214
Dodge: Dodged            |    52 |    52 |   277 |    50 ||   431

Table legend:
 A = Non-vault XP
 B = Vault XP
 C = Vault XP percentage of total XP
 D = Non-vault monster count
 E = Vault monster count
 F = Vault count percentage of total count
                 A         B        C        D         E       F
            +---------+---------+-------+---------+---------+-------
      Total |    3314 |    5479 |  62.3 |     146 |      72 |  33.0
            +---------+---------+-------+---------+---------+-------
        D:1 |      19 |       0 |   0.0 |      10 |       0 |   0.0
        D:2 |      44 |       0 |   0.0 |      13 |       0 |   0.0
        D:3 |      69 |     156 |  69.3 |      29 |       7 |  19.4
        D:4 |      63 |     958 |  93.8 |       6 |       3 |  33.3
        D:5 |     425 |     136 |  24.2 |      19 |       2 |   9.5
        D:6 |     492 |     465 |  48.6 |      20 |      13 |  39.4
        D:7 |     904 |       0 |   0.0 |      28 |       0 |   0.0
        D:8 |    1002 |     873 |  46.6 |      20 |      17 |  45.9
        D:9 |     296 |    2566 |  89.7 |       1 |       3 |  75.0
    Ossuary |       0 |     325 | 100.0 |       0 |      27 | 100.0
            +---------+---------+-------+---------+---------+-------
